TOP OF THE 1ST |
Colorado Springs Velocity batting - Pitching for Remsen Alphas : RHP José Cabrera
|
Pitching: RHP José Cabrera
|
|
Batting: SHB Tom Palmer
|
0-0: Ball 1-0: Called Strike 1-1: Called Strike 1-2: Foul Ball, location: 2F 1-2: Strikes out swinging
|
Batting: SHB Jack Bell
|
0-0: Ball 1-0: Called Strike 1-1: Foul Ball, location: 2F 1-2: Foul Ball, location: 2F 1-2: Foul Ball, location: 2F 1-2: Ball 2-2: Foul Ball, location: 2F 2-2: Strikes out swinging
|
Batting: LHB Víctor Cedeño
|
0-0: Ball 1-0: Ball 2-0: Called Strike 2-1: Called Strike 2-2: Strikes out swinging
|
Top of the 1st over - 0 run(s), 0 hit(s), 0 error(s), 0 left on base; Colorado Springs 0 - Remsen 0 |
BOTTOM OF THE 1ST |
Remsen Alphas batting - Pitching for Colorado Springs Velocity : RHP Roberto Rodríguez
|
Pitching: RHP Roberto Rodríguez
|
|
Batting: SHB Cliff Hale
|
0-0: Ball 1-0: Foul Ball, location: 2F 1-1: Ball 2-1: Ball 3-1: Called Strike 3-2: Strikes out swinging
|
Batting: RHB José Magana
|
0-0: Swinging Strike 0-1: Ball 1-1: Foul Ball, location: 2F 1-2: Strikes out looking
|
Batting: LHB Félix López
|
0-0: Ball 1-0: Foul Ball, location: 2F 1-1: Ball 2-1: Ball 3-1: Foul Ball, location: 2F 3-2: Foul Ball, location: 2F 3-2: DOUBLE (Groundball, 5L)
|
Batting: LHB Keith Alexander
|
0-0: Called Strike 0-1: Ball 1-1: Ground out U3 (Groundball, 3)
|
Bottom of the 1st over - 0 run(s), 1 hit(s), 0 error(s), 1 left on base; Colorado Springs 0 - Remsen 0 |
TOP OF THE 2ND |
Colorado Springs Velocity batting - Pitching for Remsen Alphas : RHP José Cabrera
|
Batting: RHB Dave Waller
|
0-0: Swinging Strike 0-1: Ball 1-1: SOLO HOME RUN (Flyball, 7LD), Distance : 320 ft
|
Batting: RHB Marcos Rivera
|
0-0: Fly out, F7 (Flyball, 7M)
|
Batting: RHB Eric Randolph
|
0-0: Swinging Strike 0-1: Ball 1-1: Swinging Strike 1-2: SINGLE (Groundball, 4M)
|
Batting: RHB Pablo Márquez
|
0-0: Foul Ball, location: 2F 0-1: Ball 1-1: Ball 2-1: SINGLE (Groundball, 4MD) Eric Randolph to second
|
Batting: RHB Dan Hart
|
0-0: Ball 1-0: Ball 2-0: Ball 3-0: Base on Balls Eric Randolph to third Pablo Márquez to second
|
Batting: RHB Randy Tucker
|
0-0: Ball 1-0: Ball 2-0: SINGLE (Groundball, 56D) Eric Randolph scores Pablo Márquez to third Dan Hart to second Runner from 3rd tries for Home, SAFE, throw made home Dan Hart to third Randy Tucker to second
|
Batting: SHB Tom Palmer
|
0-0: Ball 1-0: Ball 2-0: Called Strike 2-1: Foul Ball, location: 2F 2-2: Ball 3-2: Fly out, F2 (Popup, 2RF)
|
Batting: SHB Jack Bell
|
0-0: Ball 1-0: Ball 2-0: Called Strike 2-1: Foul Ball, location: 2F 2-2: Ball 3-2: Fly out, F8 (Flyball, 8RXD)
|
Top of the 2nd over - 3 run(s), 4 hit(s), 0 error(s), 2 left on base; Colorado Springs 3 - Remsen 0 |
BOTTOM OF THE 2ND |
Remsen Alphas batting - Pitching for Colorado Springs Velocity : RHP Roberto Rodríguez
|
Batting: RHB Manuel Martínez
|
0-0: Foul Ball, location: 2F 0-1: Ball 1-1: Foul Ball, location: 2F 1-2: Strikes out swinging
|
Batting: RHB Rafael Herrera
|
0-0: Ball 1-0: Called Strike 1-1: Called Strike 1-2: Ball 2-2: Ball 3-2: SINGLE (Groundball, 15) (infield hit)
|
Batting: RHB Bernaldyn Berbedo
|
0-0: Swinging Strike 0-1: Fly out, F3 (Popup, 3F)
|
Batting: RHB Juan Salinas
|
0-0: Called Strike 0-1: Ball 1-1: Foul Ball, location: 2F 1-2: Foul Ball, location: 2F 1-2: Ball 2-2: Fly out, F8 (Flyball, 8LM)
|
Bottom of the 2nd over - 0 run(s), 1 hit(s), 0 error(s), 1 left on base; Colorado Springs 3 - Remsen 0 |
TOP OF THE 3RD |
Colorado Springs Velocity batting - Pitching for Remsen Alphas : RHP José Cabrera
|
Batting: LHB Víctor Cedeño
|
0-0: Swinging Strike 0-1: Ball 1-1: Swinging Strike 1-2: Foul Ball, location: 2F 1-2: Ball 2-2: Strikes out swinging
|
Batting: RHB Dave Waller
|
0-0: Ball 1-0: Fly out, F8 (Flyball, 78S)
|
Batting: RHB Marcos Rivera
|
0-0: Foul Ball, location: 2F 0-1: Ball 1-1: SINGLE (Groundball, 6MD)
|
Batting: RHB Eric Randolph
|
0-0: Called Strike 0-1: Ball 1-1: Fielders Choice at 2nd, U6 (Groundball, 6M)
|
Top of the 3rd over - 0 run(s), 1 hit(s), 0 error(s), 1 left on base; Colorado Springs 3 - Remsen 0 |
BOTTOM OF THE 3RD |
Remsen Alphas batting - Pitching for Colorado Springs Velocity : RHP Roberto Rodríguez
|
Batting: RHB Bert Motevassel
|
0-0: Ground out 4-3 (Groundball, 4)
|
Batting: SHB Cliff Hale
|
0-0: Bunt for hit - play at first, batter OUT! 1-3
|
Batting: RHB José Magana
|
0-0: Ball 1-0: Ground out 4-3 (Groundball, 4)
|
Bottom of the 3rd over - 0 run(s), 0 hit(s), 0 error(s), 0 left on base; Colorado Springs 3 - Remsen 0 |
TOP OF THE 4TH |
Colorado Springs Velocity batting - Pitching for Remsen Alphas : RHP José Cabrera
|
Batting: RHB Pablo Márquez
|
0-0: Ball 1-0: Called Strike 1-1: Fly out, F7 (Line Drive, 7S)
|
Batting: RHB Dan Hart
|
0-0: Called Strike 0-1: SINGLE (Groundball, 34D)
|
Batting: RHB Randy Tucker
|
0-0: Ball Wild Pitch! Dan Hart to second 1-0: Foul Ball, location: 2F 1-1: SINGLE (Groundball, 56D) Dan Hart to third Runner from 3rd tries for Home, SAFE, no throw or cutoff
|
Batting: SHB Tom Palmer
|
0-0: Ball 1-0: Called Strike 1-1: Ball Passed Ball! Randy Tucker to second 2-1: Foul Ball, location: 2F 2-2: Ball 3-2: Strikes out swinging
|
Batting: SHB Jack Bell
|
0-0: Called Strike 0-1: Foul Ball, location: 2F 0-2: Ball 1-2: Ball 2-2: Foul Ball, location: 2F 2-2: Foul Ball, location: 2F 2-2: Foul Ball, location: 2F 2-2: Ball 3-2: SINGLE (Line Drive, 8RS) Randy Tucker to third Randy Tucker scores
|
Pitching: RHP Hänsel Freeh
|
|
Batting: LHB Víctor Cedeño
|
0-0: Ball 1-0: Foul Ball, location: 2F 1-1: Ground out 3-1 (Groundball, 3L)
|
Top of the 4th over - 2 run(s), 3 hit(s), 0 error(s), 1 left on base; Colorado Springs 5 - Remsen 0 |
BOTTOM OF THE 4TH |
Remsen Alphas batting - Pitching for Colorado Springs Velocity : RHP Roberto Rodríguez
|
Batting: LHB Félix López
|
0-0: Called Strike 0-1: Ball 1-1: Foul Ball, location: 2F 1-2: Ball 2-2: DOUBLE (Flyball, 8LXD)
|
Batting: LHB Keith Alexander
|
0-0: Ball 1-0: Fly out, F8 (Flyball, 8LM)
|
Batting: RHB Manuel Martínez
|
0-0: Foul Ball, location: 2F 0-1: Foul Ball, location: 2F 0-2: Foul Ball, location: 2F 0-2: Strikes out swinging
|
Batting: RHB Rafael Herrera
|
0-0: Ball 1-0: Foul Ball, location: 2F 1-1: Foul Ball, location: 2F 1-2: Ball 2-2: Foul Ball, location: 2F 2-2: Ball 3-2: Strikes out looking
|
Bottom of the 4th over - 0 run(s), 1 hit(s), 0 error(s), 1 left on base; Colorado Springs 5 - Remsen 0 |
TOP OF THE 5TH |
Colorado Springs Velocity batting - Pitching for Remsen Alphas : RHP Hänsel Freeh
|
Batting: RHB Dave Waller
|
0-0: Called Strike 0-1: DOUBLE (Line Drive, 5D)
|
Batting: RHB Marcos Rivera
|
0-0: Ball 1-0: Called Strike 1-1: Swinging Strike 1-2: Strikes out swinging
|
Batting: RHB Eric Randolph
|
0-0: Ball 1-0: Ball 2-0: Ball 3-0: Base on Balls
|
Batting: RHB Pablo Márquez
|
0-0: Called Strike 0-1: Called Strike 0-2: Foul Ball, location: 2F 0-2: Ball 1-2: Ball 2-2: Ball 3-2: Base on Balls Dave Waller to third Eric Randolph to second
|
Batting: RHB Dan Hart
|
0-0: Called Strike 0-1: Ball 1-1: Swinging Strike 1-2: Ball 2-2: Foul Ball, location: 2F 2-2: Strikes out looking
|
Batting: RHB Randy Tucker
|
0-0: Foul Ball, location: 2F 0-1: Ball 1-1: Ball 2-1: Foul Ball, location: 2F 2-2: Strikes out swinging
|
Top of the 5th over - 0 run(s), 1 hit(s), 0 error(s), 3 left on base; Colorado Springs 5 - Remsen 0 |
BOTTOM OF THE 5TH |
Remsen Alphas batting - Pitching for Colorado Springs Velocity : RHP Roberto Rodríguez
|
Batting: RHB Bernaldyn Berbedo
|
0-0: Ball 1-0: Fly out, F8 (Line Drive, 8RM)
|
Batting: RHB Juan Salinas
|
0-0: Ball 1-0: Called Strike 1-1: Foul Ball, location: 2F 1-2: Ball 2-2: Ball 3-2: Fly out, F8 (Line Drive, 8LS)
|
Batting: RHB Bert Motevassel
|
0-0: Ball 1-0: Ball 2-0: Swinging Strike 2-1: Foul Ball, location: 2F 2-2: Ball 3-2: Strikes out swinging
|
Bottom of the 5th over - 0 run(s), 0 hit(s), 0 error(s), 0 left on base; Colorado Springs 5 - Remsen 0 |
TOP OF THE 6TH |
Colorado Springs Velocity batting - Pitching for Remsen Alphas : RHP Hänsel Freeh
|
Batting: SHB Tom Palmer
|
0-0: Called Strike 0-1: Swinging Strike 0-2: Strikes out swinging
|
Batting: SHB Jack Bell
|
0-0: Called Strike 0-1: Foul Ball, location: 2F 0-2: Foul Ball, location: 2F 0-2: Strikes out looking
|
Pitching: RHP Kevin Porter
|
|
Batting: LHB Víctor Cedeño
|
0-0: Called Strike 0-1: Called Strike 0-2: Ball 1-2: Fly out, F7 (Flyball, 7M)
|
Top of the 6th over - 0 run(s), 0 hit(s), 0 error(s), 0 left on base; Colorado Springs 5 - Remsen 0 |
BOTTOM OF THE 6TH |
Remsen Alphas batting - Pitching for Colorado Springs Velocity : RHP Roberto Rodríguez
|
Batting: SHB Cliff Hale
|
0-0: Called Strike 0-1: Foul Ball, location: 2F 0-2: Strikes out looking
|
Batting: RHB José Magana
|
0-0: Called Strike 0-1: Ball 1-1: Ground out 1-3 (Groundball, 13)
|
Batting: LHB Félix López
|
0-0: Ball 1-0: Ball 2-0: Called Strike 2-1: Swinging Strike 2-2: Ball 3-2: Foul Ball, location: 2F 3-2: Strikes out looking
|
Bottom of the 6th over - 0 run(s), 0 hit(s), 0 error(s), 0 left on base; Colorado Springs 5 - Remsen 0 |
TOP OF THE 7TH |
Colorado Springs Velocity batting - Pitching for Remsen Alphas : RHP Kevin Porter
|
Batting: RHB Dave Waller
|
0-0: Ball 1-0: Ground out 5-3 (Groundball, 5S)
|
Batting: RHB Marcos Rivera
|
0-0: Ball 1-0: Ball 2-0: Swinging Strike 2-1: Called Strike 2-2: Strikes out swinging
|
Batting: RHB Eric Randolph
|
0-0: Foul Ball, location: 2F 0-1: Foul Ball, location: 2F 0-2: Foul Ball, location: 2F 0-2: Ground out 6-3 (Groundball, 6)
|
Top of the 7th over - 0 run(s), 0 hit(s), 0 error(s), 0 left on base; Colorado Springs 5 - Remsen 0 |
BOTTOM OF THE 7TH |
Remsen Alphas batting - Pitching for Colorado Springs Velocity : RHP Roberto Rodríguez
|
Batting: LHB Keith Alexander
|
0-0: Ball 1-0: Fly out, F7 (Popup, 78S)
|
Batting: RHB Manuel Martínez
|
0-0: Ball 1-0: Fly out, F3 (Popup, 23)
|
Batting: RHB Rafael Herrera
|
0-0: Called Strike 0-1: Ball 1-1: Fly out, F7 (Line Drive, 7M)
|
Bottom of the 7th over - 0 run(s), 0 hit(s), 0 error(s), 0 left on base; Colorado Springs 5 - Remsen 0 |
TOP OF THE 8TH |
Colorado Springs Velocity batting - Pitching for Remsen Alphas : RHP Kevin Porter
|
Batting: RHB Pablo Márquez
|
0-0: Called Strike 0-1: Swinging Strike 0-2: Strikes out swinging
|
Batting: RHB Dan Hart
|
0-0: Called Strike 0-1: Bunted foul 0-2: Ground out U3 (Groundball, 3S)
|
Batting: RHB Randy Tucker
|
0-0: Foul Ball, location: 2F 0-1: Ball 1-1: Ball 2-1: Foul Ball, location: 2F 2-2: Foul Ball, location: 2F 2-2: SINGLE (Line Drive, 78S)
|
Batting: SHB Tom Palmer
|
0-0: Ball 1-0: Called Strike Randy Tucker is caught stealing 2nd base
|
Top of the 8th over - 0 run(s), 1 hit(s), 0 error(s), 0 left on base; Colorado Springs 5 - Remsen 0 |
BOTTOM OF THE 8TH |
Remsen Alphas batting - Pitching for Colorado Springs Velocity : RHP Roberto Rodríguez
|
Batting: RHB Bernaldyn Berbedo
|
0-0: Called Strike 0-1: Foul Ball, location: 2F 0-2: Foul Ball, location: 2F 0-2: Ball 1-2: Ball 2-2: Hit by Pitch
|
Pitching: LHP Bobby Warner
|
|
Batting: RHB Juan Salinas
|
0-0: Called Strike 0-1: Ball 1-1: Swinging Strike 1-2: Ball 2-2: Fly out, F8 (Flyball, 8RM)
|
Batting: RHB Bert Motevassel
|
0-0: Called Strike 0-1: Ground out 4-3 (Groundball, 13) Bernaldyn Berbedo to second
|
Batting: SHB Cliff Hale
|
0-0: Called Strike 0-1: Ball 1-1: Ball 2-1: SINGLE (Line Drive, 6M) Bernaldyn Berbedo to third Runner from 3rd tries for Home, SAFE, no throw or cutoff
|
Batting: RHB José Magana
|
0-0: Fly out, F9 (Popup, 34D)
|
Bottom of the 8th over - 1 run(s), 1 hit(s), 0 error(s), 1 left on base; Colorado Springs 5 - Remsen 1 |
TOP OF THE 9TH |
Colorado Springs Velocity batting - Pitching for Remsen Alphas : RHP Kevin Porter
|
Batting: SHB Tom Palmer
|
0-0: Called Strike 0-1: Ball 1-1: SINGLE (Groundball, 4M)
|
Batting: SHB Jack Bell
|
0-0: Called Strike 0-1: Ball 1-1: Foul Ball, location: 2F 1-2: Ball 2-2: Fly out, F7 (Flyball, 7S)
|
Batting: LHB Víctor Cedeño
|
0-0: Called Strike 0-1: Swinging Strike 0-2: Ball 1-2: Strikes out swinging
|
Batting: RHB Dave Waller
|
0-0: Ball 1-0: DOUBLE (Flyball, 8LM) Tom Palmer to third
|
Batting: RHB Marcos Rivera
|
0-0: Ball 1-0: Foul Ball, location: 2F 1-1: Ball 2-1: Ball 3-1: Base on Balls
|
Pitching: LHP António Hernández
|
|
Batting: RHB Eric Randolph
|
0-0: Ball 1-0: Called Strike 1-1: Ball 2-1: Ball 3-1: Base on Balls Tom Palmer scores Dave Waller to third Marcos Rivera to second
|
Batting: RHB Pablo Márquez
|
0-0: Swinging Strike 0-1: Ball 1-1: Foul Ball, location: 2F 1-2: Strikes out swinging
|
Top of the 9th over - 1 run(s), 2 hit(s), 0 error(s), 3 left on base; Colorado Springs 6 - Remsen 1 |
BOTTOM OF THE 9TH |
Remsen Alphas batting - Pitching for Colorado Springs Velocity : LHP Bobby Warner
|
Pitching: RHP Jim Unknown
|
|
Batting: LHB Félix López
|
0-0: Ball 1-0: Called Strike 1-1: Called Strike 1-2: Ball 2-2: Strikes out looking
|
Batting: LHB Keith Alexander
|
0-0: Ball 1-0: Foul Ball, location: 2F 1-1: Swinging Strike 1-2: Strikes out swinging
|
Batting: RHB Manuel Martínez
|
0-0: Ball 1-0: Swinging Strike 1-1: Called Strike 1-2: Ball 2-2: Strikes out swinging
|
Bottom of the 9th over - 0 run(s), 0 hit(s), 0 error(s), 0 left on base; Colorado Springs 6 - Remsen 1 |
|